 Dungeon Crawl Stone Soup version 0.27-a0-1248-g57ac2eb73c (webtiles) character file.

Game seed: 4793897262052130312

182 fliflo the Digger (level 5, -7/28 HPs)
             Began as a Gargoyle Earth Elementalist on June 10, 2021.
             Killed by divine providence
             ... invoked by an orc priest
              (16 damage)
             ... on level 4 of the Dungeon.
             The game lasted 00:06:41 (4940 turns).

fliflo the Digger (Gargoyle Earth Elementalist)     Turns: 4940, Time: 00:06:42

Health: -7/28      AC:  9    Str: 12    XL:     5   Next: 62%
Magic:  10/10      EV: 11    Int: 16    God:
Gold:   74         SH:  0    Dex: 10    Spells: 2/11 levels left

rFire    . . .     SeeInvis .   m - +2 dagger (venom)
rCold    . . .     Faith    .   (no shield)
rNeg     + . .     Spirit   .   c - +0 robe
rPois    ∞         Reflect  .   o - +0 helmet
rElec    +         Harm     .   h - +0 cloak
rCorr    .         Rampage  .   t - +0 pair of gloves
Will     .....                  (no boots)
Stlth    ++........             (no amulet)
HPRegen  0.09/turn              (no ring)
MPRegen  0.12/turn              (no ring)

@: studying Bows
A: sickness immunity, AC +4, negative energy resistance 1, electricity
resistance, torment resistance 1, petrification resistance
a: no special abilities


You were on level 4 of the Dungeon.
You visited 1 branch of the dungeon, and saw 4 of its levels.

You collected 74 gold pieces.

Inventory:

Hand Weapons
 a - a +0 club
 e - a +0 dagger
 g - a +0 mace
 m - a +2 dagger of venom (weapon)
Missiles
 b - 42 stones
 r - 7 atropa-tipped darts
Armour
 c - a +0 robe (worn)
 h - a +0 cloak (worn)
 o - a +0 helmet (worn)
 t - a +0 pair of gloves (worn)
Scrolls
 d - a scroll of fog
Potions
 l - a potion of degeneration {unknown}
 n - 2 potions of curing
 q - a potion of heal wounds {unknown}
 u - a potion of brilliance {unknown}


   Skills:
 - Level 1.5 Dodging
 - Level 2.1 Stealth
 + Level 3.5 Spellcasting
 + Level 2.4 Conjurations
 - Level 0.7 Transmutations
 + Level 5.3 Earth Magic


You had 2 spell levels left.
You knew the following spells:

 Your Spells              Type           Power      Damage    Failure   Level
a - Sandblast             Erth           40%        2d10      1%          1
b - Stone Arrow           Conj/Erth      30%        3d8       11%         3
c - Lee's Rapid Deconstr  Erth           10%        3d9*      47%         5

Your spell library contained the following spells:

 Spells                   Type           Power      Damage    Failure   Level
 Passwall                 Tmut/Erth      10%        N/A       8%          2
 Corona                   Hex            2%         N/A       19%         1
 Ensorcelled Hibernation  Hex/Ice        4%         N/A       26%         2
 Dazzling Flash           Conj/Hex       12%        N/A       32%         3
 Petrify                  Tmut/Erth      12%        N/A       45%         4
 Confusing Touch          Hex            2%         N/A       47%         3
 Tukima's Dance           Hex            2%         N/A       47%         3


Dungeon Overview and Level Annotations

Branches:
Dungeon (4/15)
 Temple: D:4-7

Altars:
Cheibriados
Elyvilon
Fedhas
Makhleb
Nemelex Xobeh
The Shining One

Annotations:
D:3 1 runed translucent door, philipeq's ghost, amateur DsFi


Innate Abilities, Weirdness & Mutations

You are immune to sickness and miasma.
Your stone body is resilient. (AC +4)
You are immune to poison.
You resist negative energy. (rN+)
You are resistant to electric shocks. (rElec)
You are resistant to unholy torment.
You are immune to petrification.


Message History

The iguana is severely wounded.
The iguana barely misses you.
You hit the iguana.
The iguana looks as sick as possible!
The iguana is almost dead.
You kill the iguana!
No target in view!
No target in view!
There is a stone staircase leading down, spattered with blood here.
An orc comes into view. It is wielding a +0 whip.
The orc shouts!
An orc comes into view. It is wielding a +0 club.
An orc wizard comes into view. It is wielding a +0 dagger.
Found 22 sling bullets.
An orc priest comes into view. It is wielding a +0 club.
The orc wizard shouts!
The orc priest picks up a scroll of identify.
Found an escape hatch in the floor.
The orc wizard points at you and mumbles some strange words.
You are confused.
The orc wizard gestures at you while chanting.
The magic dart hits you!
The orc wizard mumbles some strange words.
The orc wizard flickers and vanishes!
Deactivating autopickup; reactivate with Ctrl-A.
You bump into the rock wall.
You closely miss the orc. The orc closely misses you.
The orc hits you but does no damage.
You bump into the rock wall.
The orc closely misses you. The orc hits you with a +0 club.
You bump into the rock wall.
You feel less confused. The orc hits you but does no damage.
The orc priest calls down the wrath of Beogh upon you.
Beogh smites you!
There is a stone staircase leading down, spattered with blood here.
Unknown command.
The orc priest mumbles some strange prayers to Beogh against you.
Beogh smites you!
Ouch! That really hurt!
You die...

..........#..#
##........##.#
#........##.#
#.......###.##
#.......# #..#
#.......# ##.##
#.......# #..#
######.######.#########
........>@.......
.......#.######## #
.......#{## .......#oo#
.#######o.# #..#
#..............
#.........>...#
#.(...........#


You could see an orc priest and an orc.

Vanquished Creatures
  An iguana (D:4)
  A hound skeleton (D:4)
  A howler monkey skeleton (D:4)
  4 adders
  2 worms (D:3)
  2 dart slugs
  An orc (D:4)
  2 ball pythons
  7 endoplasms
  6 giant cockroaches
  4 goblins
  4 hobgoblins
  15 jackals
  3 quokkas
  9 bats
  3 frilled lizards (D:3)
  8 kobolds
  9 rats
82 creatures vanquished.

Notes
Turn   | Place    | Note
-------+----------+-------------------------------------------
     0 | D:1      | fliflo the Gargoyle Earth Elementalist began the quest for
                  | the Orb.
     0 | D:1      | Reached XP level 1. HP: 10/10 MP: 3/3
   238 | D:1      | Found a faded altar of an unknown god.
   321 | D:1      | Reached skill level 4 in Earth Magic
   321 | D:1      | Reached XP level 2. HP: 13/15 MP: 5/5
   934 | D:1      | Found a snail-covered altar of Cheibriados.
  1207 | D:1      | Reached XP level 3. HP: 15/19 MP: 3/6
  1211 | D:1      | Learned a level 3 spell: Stone Arrow
  2258 | D:2      | Reached skill level 1 in Conjurations
  2441 | D:2      | Reached XP level 4. HP: 24/24 MP: 8/8
  3476 | D:3      | Reached skill level 5 in Earth Magic
  3759 | D:3      | Found a runed translucent door.
  3764 | D:3      | Noticed philipeq's ghost (amateur DsFi)
  4045 | D:3      | Reached XP level 5. HP: 25/28 MP: 9/9
  4051 | D:3      | Learned a level 5 spell: Lee's Rapid Deconstruction
  4165 | D:3      | Found a white marble altar of Elyvilon.
  4166 | D:3      | Found a blossoming altar of Fedhas.
  4167 | D:3      | Found a sparkling altar of Nemelex Xobeh.
  4169 | D:3      | Found a glowing golden altar of the Shining One.
  4170 | D:3      | Found a burning altar of Makhleb.
  4940 | D:4      | Killed from afar by an orc priest

Illustrated notes

Levels and vault maps discovered:
D:1:      evilmike_arrival_rings, layout_basic,
          hellmonk_ecumenical_altar_heavens_door, kennysheep_flooded_box
D:2:      layout_loops_cross, roderic_lattice_a, hex_tiny
D:3:      layout_basic, minitemple, ebering_ghost_reflecting_pool,
          minmay_misc_feat_cross, hex_intersection, minivault_5
D:4:      layout_basic, minmay_manual_mess

Skill      XL: |  1  2  3  4 |
---------------+-------------+-----
Earth Magic    | 4 5 |  5.3
Conjurations   | 1 2 |  2.4
Spellcasting   | 3 |  3.5
Dodging        | |  1.5
Stealth        | |  2.1
Transmutations | |  0.7

Action                   |  1- 3 |  4- 6 || total
-------------------------+-------+-------++-------
Melee: Club              |    12 |       ||    12
       Dagger            |    49 |   144 ||   193
       Mace              |    63 |       ||    63
 Cast: Sandblast         |    21 |       ||    21
  Use: Scroll            |       |     7 ||     7
 Stab: Sleeping          |     6 |     3 ||     9
       Distracted        |     1 |       ||     1
Armor: Robe              |    87 |    66 ||   153
Dodge: Dodged            |   101 |    89 ||   190

Table legend: (Time is in decaauts)
 A = Elapsed time spent in this place.
 B = Non-inter-level travel time spent in this place.
 C = Inter-level travel time spent in this place.
 D = Time resting spent in this place.
 E = Time spent auto-exploring this place.
 F = Levels seen in this place.
 G = Mean time per level.
                   A        B        C        D        E       F      G
               +--------+--------+--------+--------+--------+-----+--------+
         Total |   4966 |   4875 |     91 |    290 |   3890 |   4 | 1241.5 |
       Dungeon |   4966 |   4875 |     91 |    290 |   3890 |   4 | 1241.5 |
               +--------+--------+--------+--------+--------+-----+--------+

Top non-repeatable levels by time:
     D:3: 1783 daAuts
     D:1: 1762 daAuts
     D:2: 1098 daAuts
     D:4: 320 daAuts
